AoeStats
← DottyRock7961

Arena

509769596Analyzed
1v1 RM · 5d ago on Sep 28, 2026· 43m 30s· 2 players
Game mode
Random Map
Map size
Tiny (2 player)
Population
200
Speed
Normal
Resources
Standard
Victory
Conquest
Starting age
Dark Age
Ending age
Imperial Age
RankedLock teamsTeams togetherTeam positionsShared explorationLock speedFull tech treeHidden civsTurbo modeCheats
Victory
Defeat
🇺🇸 Spanish · United States
729
+14
🇨🇱 Portuguese · Chile
685
-14
DavorBlack
9:12 Loom
10:58 Feudal Age
12:38 Double-Bit Axe
12:36 Horse Collar
20:06 Castle Age
18:23 Fletching
19:33 Padded Archer Armor
20:27 Elite Skirmisher
21:14 Bodkin Arrow
25:48 Town Watch
26:40 Town Watch
27:20 Leather Archer Armor
28:17 Town Patrol
39:28 Imperial Age
40:17 Thumb Ring
42:27 Ballistics
43:08 Chemistry
43:05 Bracer
DottyRock7961
7:50 Loom
12:43 Feudal Age
17:15 Castle Age
16:15 Horse Collar
20:09 Double-Bit Axe
28:56 Imperial Age
32:51 Chemistry
35:22 Conscription
37:14 Supremacy
38:51 Husbandry
39:02 Bloodlines
39:45 Ballistics
Connection lost

Rejoining the realm…

Still unreachable

The connection could not be restored.

Session expired

The server has moved on; the page needs a fresh start.